 Dungeon Crawl Stone Soup version 0.23-a0-470-g6f7cfd9739 (webtiles) character file.

3516 Rrauwl the Cleaver (level 10, -27/117 HPs)
             Began as a Hill Orc Fighter on Nov 27, 2018.
             Was a Believer of the Shining One.
             Annihilated by a very large slime creature (55 damage)
             ... on level 8 of the Dungeon.
             The game lasted 00:18:57 (6562 turns).

Rrauwl the Cleaver (Hill Orc Fighter)               Turns: 6562, Time: 00:18:58

Health: -27/117    AC: 21    Str: 28    XL:     10   Next: 8%
Magic:  13/13      EV:  7    Int:  8    God:    the Shining One [**....]
Gold:   254        SH: 13    Dex: 10    Spells: 9/9 levels left

rFire    . . .     SeeInvis .   a - +1 war axe
rCold    . . .     Gourm    .   v - +1 shield
rNeg     + + .     Faith    .   j - +0 plate armour
rPois    +         Spirit   .   k - +2 helmet
rElec    .         Reflect  .   t - +0 cloak (curse)
rCorr    .         Harm     .   (no gloves)
MR       .....                  l - +2 pair of boots
Stlth    ..........             m - amulet of rage
HPRegen  0.29/turn              p - ring of poison resistance
MPRegen  0.13/turn              r - ring of positive energy

@: berserking (expiring), glowing, very quick
A: icy blue scales 1, deterioration 1
a: Divine Shield, Renounce Religion, Evoke Berserk Rage


You were on level 8 of the Dungeon.
You worshipped the Shining One.
The Shining One was pleased with you.
You were near starving.

You visited 2 branches of the dungeon, and saw 9 of its levels.

You collected 441 gold pieces.
You spent 187 gold pieces at shops.

Inventory:

Hand Weapons
 a - a +1 war axe (weapon)
 c - a +2 morningstar of crushing
Missiles
 q - a throwing net (quivered)
Armour
 b - a +0 scale mail
 j - a +0 plate armour (worn)
 k - a +2 helmet (worn)
 l - a +2 pair of boots (worn)
 t - a cursed +0 cloak (worn)
 v - a +1 shield (worn)
Jewellery
 g - an uncursed ring of wizardry
 m - an amulet of rage (around neck)
 p - a ring of poison resistance (left hand)
 r - a ring of positive energy (right hand)
 y - an uncursed ring of wizardry
Wands
 x - a wand of paralysis (9)
Scrolls
 d - 3 scrolls of teleportation
 f - 4 scrolls of enchant armour
 h - 4 scrolls of enchant weapon
 i - 5 scrolls of identify
 o - 3 scrolls of remove curse
 w - 2 scrolls of fog
 A - a scroll of immolation
Potions
 n - 2 potions of brilliance
 s - a potion of curing
 u - 2 potions of heal wounds
 z - a potion of lignification
Comestibles
 e - 9 rations


   Skills:
 - Level 4.0 Fighting
 + Level 11.5 Axes
 - Level 4.0 Armour
 - Level 2.0 Dodging
 + Level 10.1 Shields
 - Level 4.2 Invocations
 - Level 4.0 Evocations


You had 9 spell levels left.
You didn't know any spells.
Your spell library contained the following spells:

 Spells                   Type           Power        Failure   Level  Hunger
 Beastly Appendage        Tmut           #.....       100%        1    ##.....
 Summon Small Mammal      Summ           #...         100%        1    ##.....
 Call Imp                 Summ           #.......     100%        2    ###....
 Sticks to Snakes         Tmut           #.......     100%        2    ###....
 Call Canine Familiar     Summ           #.......     100%        3    ####...
 Spider Form              Tmut/Pois      #.........   100%        3    ####...
 Summon Guardian Golem    Hex/Summ       #.......     100%        3    ####...
 Ice Form                 Ice/Tmut       #.......     100%        4    #####..
 Summon Ice Beast         Ice/Summ       #.......     100%        4    #####..
 Summon Lightning Spire   Summ/Air       #.......     100%        4    #####..
 Blade Hands              Tmut           #.........   100%        5    ######.


Dungeon Overview and Level Annotations

Branches:
Dungeon (8/15)             Temple (1/1) D:5
   Lair: D:8-11

Altars:
Ashenzari
Cheibriados
Dithmenos
Elyvilon
Hepliaklqana
Makhleb
Nemelex Xobeh
Okawaru
Qazlal
Sif Muna
Trog
Vehumet
Xom
Yredelemnul
The Shining One

Shops:
D:5 (%[[*


Innate Abilities, Weirdness & Mutations

You are partially covered in icy blue scales. (AC +2)
Your body sometimes deteriorates upon taking damage.


Message History

The very large slime creature is heavily wounded.
The very large slime creature hits you!!
You slash the very large slime creature!
The very large slime creature is heavily wounded.
You slice the very large slime creature!!
The very large slime creature is severely wounded.
You block the very large slime creature's attack.
You slash the very large slime creature!
The very large slime creature is severely wounded.
The very large slime creature hits you!
* * * LOW HITPOINT WARNING * * *
You slash the very large slime creature!
The very large slime creature is severely wounded.
You block the very large slime creature's attack.
You slash the very large slime creature!
The very large slime creature is severely wounded.
You slash the very large slime creature!
The very large slime creature is almost dead.
The very large slime creature hits you!!!
You die...

#......... ....
#<........ ....#
#.......(.
....###########.........
....##..................
....##.......##.........
....#.......####...#####
............# #.###
###..#......# #@#
#..##.###..# ##J#
#.###.# ##.# #..#
########## ##.##..# #.#
#.## #........# ##....##
#.###.# #........#
....### ###..##.####
#........# ###.#
#..........# #........#
.##.#####..........#
#........#
.......##..........#
#..(.....#


You could see a very large slime creature.

Vanquished Creatures
  3 slime creatures (D:8)
  A hippogriff (D:7)
  Grum (D:8)
  Eustachio (D:5)
  Menkaure (D:4)
  A water moccasin (D:5)
  An orc warrior (D:7)
  A sky beast (D:6)
  2 wolves (D:8)
  2 phantoms (D:6)
  4 ogres
  A big kobold (D:8)
  A gnoll sergeant (D:8)
  2 bullfrogs
  A scorpion (D:7)
  2 bullfrog zombies
  3 crimson imps
  A quasit (D:5)
  2 orc priests
  2 hounds
  A jelly (D:6)
  A bullfrog skeleton (D:7)
  A centaur skeleton (D:5)
  2 iguanas
  3 orc wizards (D:5)
  7 worker ants
  Ijyb (D:5)
  Robin (D:2)
  9 gnolls
  2 worker ant zombies (D:5)
  12 adders
  2 shadow imps (D:7)
  2 oozes (D:2)
  An adder skeleton (D:4)
  4 worms
  3 dart slugs
  2 leopard geckos
  14 orcs
  2 ball pythons
  9 giant cockroaches
  17 goblins
  14 hobgoblins
  5 jackals
  6 quokkas
  8 bats
  7 frilled lizards
  A jackal zombie (D:6)
  15 kobolds
  A quokka skeleton (D:6)
  A quokka zombie (D:6)
  8 rats
195 creatures vanquished.

Notes
Turn   | Place    | Note
-------+----------+-------------------------------------------
     0 | D:1      | Rrauwl the Hill Orc Fighter began the quest for the Orb.
     0 | D:1      | Reached XP level 1. HP: 19/19 MP: 1/1
   130 | D:1      | Reached XP level 2. HP: 27/27 MP: 2/2
   213 | D:1      | Reached skill level 3 in Axes
   356 | D:1      | Reached XP level 3. HP: 33/33 MP: 3/3
  1007 | D:2      | Noticed Robin
  1024 | D:2      | Killed Robin
  1024 | D:2      | Reached skill level 1 in Dodging
  1181 | D:2      | Reached XP level 4. HP: 40/40 MP: 4/4
  1338 | D:2      | Found a stormy altar of Qazlal.
  1838 | D:3      | Reached XP level 5. HP: 46/46 MP: 5/5
  1954 | D:3      | Reached skill level 1 in Evocations
  2042 | D:3      | Reached skill level 4 in Axes
  2367 | D:4      | Reached XP level 6. HP: 50/52 MP: 7/7
  2505 | D:4      | Noticed Menkaure
  2518 | D:4      | Killed Menkaure
  2518 | D:4      | Reached skill level 5 in Axes
  2778 | D:4      | Reached skill level 5 in Shields
  2778 | D:4      | Reached XP level 7. HP: 56/59 MP: 7/9
  3055 | D:5      | Entered Level 5 of the Dungeon
  3196 | D:5      | Reached skill level 6 in Axes
  3263 | D:5      | Found a snail-covered altar of Cheibriados.
  3352 | D:5      | Found Ybyt's Lightly-Used Armoury.
  3446 | D:5      | Found a staircase to the Ecumenical Temple.
  3455 | Temple   | Entered the Ecumenical Temple
  3579 | Temple   | Became a worshipper of the Shining One
  3921 | D:5      | Gained mutation: Your body sometimes deteriorates upon
                  | taking damage. [potion of mutation]
  3921 | D:5      | Gained mutation: You are partially covered in icy blue
                  | scales. (AC +2) [potion of mutation]
  4063 | D:5      | Noticed Eustachio
  4086 | D:5      | Killed Eustachio
  4086 | D:5      | Reached skill level 7 in Axes
  4086 | D:5      | Reached XP level 8. HP: 66/66 MP: 9/11
  4092 | D:5      | Found a basalt altar of Yredelemnul.
  4165 | D:5      | Noticed Ijyb
  4171 | D:5      | Killed Ijyb
  4217 | D:5      | Found Kickun's Antique Armour Boutique.
  4217 | D:5      | Found Fanumom's Antique Armour Boutique.
  4218 | D:5      | Found Fatzauk's Food Boutique.
  4226 | D:5      | Found Nicateij's Weapon Boutique.
  4244 | D:5      | Bought an embroidered cloak for 187 gold pieces
  4525 | D:6      | Reached skill level 8 in Axes
  4557 | D:6      | Reached * piety under the Shining One
  4735 | D:6      | Reached skill level 9 in Axes
  4992 | D:7      | Reached XP level 9. HP: 71/71 MP: 12/12
  4994 | D:7      | Reached skill level 1 in Invocations
  5302 | D:7      | Found a radiant altar of Vehumet.
  5652 | D:8      | Noticed Grum
  5673 | D:8      | Reached skill level 10 in Axes
  5675 | D:8      | Reached ** piety under the Shining One
  5701 | D:8      | Killed Grum
  6181 | D:8      | Reached skill level 11 in Axes
  6358 | D:7      | Reached XP level 10. HP: 67/78 MP: 13/13
  6411 | D:8      | Reached skill level 10 in Shields
  6562 | D:8      | Annihilated by a very large slime creature

Vault maps used:
D:1:      ncdulo_lavacross, grunt_decor_resistance, hex_medium,
          chequers_big_river, corexii_hall_statues_deadend,
          chequers_serial_rivers_small_3, minmay_tetromino_l4
D:2:      lemuel_crystal_altar, chequers_decorated_corner, minivault_19,
          uniq_robin
D:4:      uniq_menkaure
D:5:      kennysheep_slug_shrine, nicolae_overflow_crystal_walls,
          minmay_temple_entry_nine_rooms, first_ration, hangedman_decor_growths,
          minivault_11, minmay_shop_grid_forest, minmay_misc_feat_roman,
          minmay_shop_damaged, chequers_serial_rivers_micro_a, uniq_eustachio,
          uniq_ijyb
D:6:      st_stairs_4
D:7:      cheibrodos_iron_armory, basic_altar
D:8:      uniq_grum
Temple:   minmay_temple_forest_path

Skill      XL: |  1  2  3  4  5  6  7  8  9 10 |
---------------+-------------------------------+-----
Axes           | 3 4 5 7 9 11 | 11.5
Fighting       | 4 |  4.0
Dodging        | 1 2 |  2.0
Shields        | 4 5 6 8 9 10 | 10.1
Armour         | 4 |  4.0
Evocations     | 1 2 4 |  4.0
Invocations    | 4 |  4.2

Action                   |  1- 3 |  4- 6 |  7- 9 | 10-12 || total
-------------------------+-------+-------+-------+-------++-------
Melee: War axe           |   105 |   208 |   373 |    37 ||   723
Invok: Divine Shield     |       |       |     1 |       ||     1
 Abil: Evoke Berserk Rag |       |       |     1 |     1 ||     2
Evoke: Wand              |       |       |     1 |       ||     1
  Use: Potion            |     3 |     2 |     5 |       ||    10
       Scroll            |       |     6 |     6 |       ||    12
  Eat: Chunk             |     1 |     6 |     9 |       ||    16
       Ration            |       |       |     1 |       ||     1
Armor: Scale mail        |    48 |    90 |   158 |       ||   296
       Plate armour      |       |       |       |     9 ||     9
Dodge: Dodged            |    30 |    59 |    90 |     3 ||   182
Block: Shield            |    68 |   121 |   219 |    11 ||   419

Table legend:
 A = Non-vault XP
 B = Vault XP
 C = Vault XP percentage of total XP
 D = Non-vault monster count
 E = Vault monster count
 F = Vault count percentage of total count
                 A         B        C        D         E       F
            +---------+---------+-------+---------+---------+-------
      Total |    3950 |    1073 |  21.4 |     170 |      25 |  12.8
            +---------+---------+-------+---------+---------+-------
        D:1 |      31 |       6 |  16.2 |      21 |       4 |  16.0
        D:2 |      79 |      36 |  31.3 |      30 |      11 |  26.8
        D:3 |     127 |       0 |   0.0 |      23 |       0 |   0.0
        D:4 |     255 |     172 |  40.3 |      15 |       1 |   6.2
        D:5 |     500 |     229 |  31.4 |      24 |       2 |   7.7
        D:6 |     717 |     178 |  19.9 |      15 |       4 |  21.1
        D:7 |     814 |       0 |   0.0 |      16 |       0 |   0.0
        D:8 |    1427 |     452 |  24.1 |      26 |       3 |  10.3
            +---------+---------+-------+---------+---------+-------
